NYP
ROME BRAVES @ CINCINNATI (NYP) REDS
05/31/2045
 
TOP OF THE 1ST
Rome Braves batting - Pitching for Cincinnati (NYP) Reds : RHP Gil Villanueva
Pitching: RHP Gil Villanueva
Batting: LHB Robby Dann 0-0: Called Strike
0-1: Ball
1-1: Ground out 5-3 (Groundball, 56D, EV 100.6 MPH)
Batting: LHB Erik Gretzky 0-0: Foul Ball, location: 2F
0-1: Foul Ball, location: 2F
0-2: Foul Ball, location: 2F
0-2: Ball
1-2: SINGLE (Groundball, 13S, EV 63.8 MPH) (infield hit)
Batting: RHB Hisayuki Akiyama 0-0: Ball
1-0: Ball
2-0: Ball
3-0: Called Strike
3-1: Foul Ball, location: 2F
3-2: Strikes out swinging
Erik Gretzky steals 2nd base
Batter strikes out.
Batting: LHB Jae-ik Soung 0-0: Foul Ball, location: 2F
0-1: Swinging Strike
0-2: Ball
1-2: Strikes out swinging
Top of the 1st over - 0 runs, 1 hit, 0 errors, 1 left on base; Rome 0 - Cincinnati (NYP) 0
BOTTOM OF THE 1ST
Cincinnati (NYP) Reds batting - Pitching for Rome Braves : LHP Matthew Spurrell
Pitching: LHP Matthew Spurrell
Batting: RHB Eric Sullivan 0-0: Ball
1-0: Ball
2-0: Swinging Strike
2-1: Ball
3-1: Base on Balls
Batting: RHB Kagetoki Kawai 0-0: Ball
Eric Sullivan steals 2nd base
1-0: Ball
2-0: Foul Ball, location: 2F
2-1: Ball
3-1: Ground out 3-1 (Groundball, 34, EV 106.9 MPH)
Eric Sullivan to third
Batting: LHB David Moore 0-0: Ball
1-0: Ball
2-0: SINGLE (Line Drive, 78S, EV 101.9 MPH)
Eric Sullivan scores
Batting: RHB Dusty Pollert 0-0: Called Strike
0-1: Ball
1-1: Ball
2-1: Ball
3-1: Base on Balls
David Moore to second
Batting: RHB Ben Hinman 0-0: Fielders Choice at 2nd, 6-4 (Groundball, 6, EV 90.6 MPH)
David Moore to third
Batting: RHB Pat McCoy 0-0: Ball
1-0: Called Strike
1-1: Ball
2-1: Swinging Strike
2-2: Strikes out swinging
Bottom of the 1st over - 1 run, 1 hit, 0 errors, 2 left on base; Rome 0 - Cincinnati (NYP) 1
TOP OF THE 2ND
Rome Braves batting - Pitching for Cincinnati (NYP) Reds : RHP Gil Villanueva
Batting: LHB Mike Tenorio 0-0: Called Strike
0-1: SINGLE (Line Drive, 9LS, EV 101.2 MPH)
Batting: RHB Adonis Jenifer 0-0: Ball
1-0: Ball
2-0: Ball
3-0: Called Strike
3-1: SINGLE (Groundball, 4MD, EV 95.6 MPH)
Mike Tenorio to second
Batting: SHB Jordan Barragan 0-0: Foul Ball, location: 2F
0-1: Ball
1-1: Swinging Strike
1-2: Strikes out swinging
Batting: LHB Joe Phillips 0-0: Called Strike
0-1: Fielders Choice at 2nd, 6-4 (Groundball, 6, EV 103.8 MPH)
Mike Tenorio to third
Batting: LHB Malik Boulay 0-0: Ball
1-0: Foul Ball, location: 2F
1-1: Ball
2-1: Foul Ball, location: 2F
2-2: Ball
3-2: Ground out 6-3 (Groundball, 6M, EV 80.0 MPH)
Top of the 2nd over - 0 runs, 2 hits, 0 errors, 2 left on base; Rome 0 - Cincinnati (NYP) 1
BOTTOM OF THE 2ND
Cincinnati (NYP) Reds batting - Pitching for Rome Braves : LHP Matthew Spurrell
Batting: RHB Frank Moron 0-0: Foul Ball, location: 2F
0-1: Ball
1-1: Ball
2-1: Ground out 4-3 (Groundball, 4S, EV 85.0 MPH)
Batting: SHB Plácido Barrrenho 0-0: Called Strike
0-1: Swinging Strike
0-2: Ground out 1-3 (Groundball, 15S, EV 70.6 MPH)
Batting: LHB Akira Yamano 0-0: Ball
1-0: Foul Ball, location: 2F
1-1: Called Strike
1-2: Strikes out swinging
Bottom of the 2nd over - 0 runs, 0 hits, 0 errors, 0 left on base; Rome 0 - Cincinnati (NYP) 1
TOP OF THE 3RD
Rome Braves batting - Pitching for Cincinnati (NYP) Reds : RHP Gil Villanueva
Batting: LHB Robby Dann 0-0: SINGLE (Groundball, 4MD, EV 98.8 MPH)
Batting: LHB Erik Gretzky 0-0: Ball
Robby Dann is caught stealing 2nd base 2-6
1-0: Swinging Strike
1-1: Ball
2-1: TRIPLE (Flyball, 78XD, EV 99.4 MPH)
Batting: RHB Hisayuki Akiyama 0-0: Ball
1-0: Ball
2-0: Ball
3-0: Swinging Strike
3-1: Swinging Strike
3-2: Foul Ball, location: 2F
3-2: Strikes out looking
Batting: LHB Jae-ik Soung 0-0: Foul Ball, location: 2F
0-1: SINGLE (Line Drive, 6D, EV 105.6 MPH)
Erik Gretzky scores
Batting: LHB Mike Tenorio 0-0: Ball
Jae-ik Soung steals 2nd base
1-0: Ball
2-0: Ball
3-0: Called Strike
3-1: SINGLE (Line Drive, 8RS, EV 92.5 MPH)
Jae-ik Soung to third
Runner from 3rd tries for Home, SAFE, throw by CF to home
Mike Tenorio to second
Batting: RHB Adonis Jenifer 0-0: Ball
1-0: Ball
2-0: Called Strike
2-1: Fly out, F8 (Flyball, 8LXD, EV 106.9 MPH)
Top of the 3rd over - 2 runs, 4 hits, 0 errors, 1 left on base; Rome 2 - Cincinnati (NYP) 1
BOTTOM OF THE 3RD
Cincinnati (NYP) Reds batting - Pitching for Rome Braves : LHP Matthew Spurrell
Batting: RHB Eric Sullivan 0-0: Called Strike
0-1: Called Strike
0-2: Ball
1-2: Strikes out looking
Batting: RHB Kagetoki Kawai 0-0: Ball
1-0: Ground out 1-3 (Groundball, 15S, EV 76.2 MPH)
Batting: LHB David Moore 0-0: Ball
1-0: Swinging Strike
1-1: Called Strike
1-2: Strikes out swinging
Bottom of the 3rd over - 0 runs, 0 hits, 0 errors, 0 left on base; Rome 2 - Cincinnati (NYP) 1
TOP OF THE 4TH
Rome Braves batting - Pitching for Cincinnati (NYP) Reds : RHP Gil Villanueva
Batting: SHB Jordan Barragan 0-0: Called Strike
0-1: Ball
1-1: Ball
2-1: Ball
3-1: Foul Ball, location: 2F
3-2: Ground out U3 (Groundball, 3, EV 105.0 MPH)
Batting: LHB Joe Phillips 0-0: Called Strike
0-1: Ball
1-1: Called Strike
1-2: Ball
2-2: DOUBLE (Line Drive, 7LM, EV 100.0 MPH)
Batting: LHB Malik Boulay 0-0: Ball
1-0: Ball
Wild Pitch!
Joe Phillips to third
2-0: Ball
3-0: Called Strike
3-1: Reached on error, E4 (Groundball, 4S, EV 85.6 MPH)
Joe Phillips scores
Batting: LHB Robby Dann 0-0: Ball
1-0: Ball
2-0: Ball
3-0: Called Strike
3-1: Base on Balls
Batting: LHB Erik Gretzky 0-0: Ball
1-0: Ball
2-0: Ball
3-0: Base on Balls
Malik Boulay to third
Robby Dann to second
Batting: RHB Hisayuki Akiyama 0-0: Ball
1-0: Ball
2-0: Foul Ball, location: 2F
2-1: Ball
3-1: Swinging Strike
3-2: Foul Ball, location: 2F
3-2: SINGLE (Groundball, 56S, EV 70.0 MPH) (infield hit)
Malik Boulay scores
Robby Dann to third
Erik Gretzky to second
Batting: LHB Jae-ik Soung 0-0: Called Strike
0-1: Foul Ball, location: 2F
0-2: Ball
1-2: Ball
2-2: Strikes out looking
Batting: LHB Mike Tenorio 0-0: Ball
1-0: Foul Ball, location: 2F
1-1: Foul Ball, location: 2F
1-2: Ball
2-2: Foul Ball, location: 2F
2-2: Ground out 4-3 (Groundball, 4, EV 84.4 MPH)
Top of the 4th over - 2 runs, 2 hits, 1 error, 3 left on base; Rome 4 - Cincinnati (NYP) 1
BOTTOM OF THE 4TH
Cincinnati (NYP) Reds batting - Pitching for Rome Braves : LHP Matthew Spurrell
Batting: RHB Dusty Pollert 0-0: Ball
1-0: Ground out U3 (Groundball, 13, EV 80.6 MPH)
Batting: RHB Ben Hinman 0-0: Ball
1-0: Ball
2-0: Fly out, F9 (Line Drive, 9, EV 105.0 MPH)
Batting: RHB Pat McCoy 0-0: Foul Ball, location: 2F
0-1: Ball
1-1: Foul Ball, location: 2F
1-2: Ball
2-2: Ball
3-2: Foul Ball, location: 2F
3-2: Foul Ball, location: 2F
3-2: Foul Ball, location: 2F
3-2: Foul Ball, location: 2F
3-2: Foul Ball, location: 2F
3-2: SINGLE (Groundball, 6M, EV 98.8 MPH)
Batting: RHB Frank Moron 0-0: DOUBLE (Line Drive, 8LD, EV 101.9 MPH)
Pat McCoy to third
Batting: SHB Plácido Barrrenho 0-0: DOUBLE (Flyball, 78D, EV 110.6 MPH)
Pat McCoy scores
Frank Moron scores
Batting: LHB Akira Yamano 0-0: DOUBLE (Line Drive, 7LS, EV 90.0 MPH)
Plácido Barrrenho scores
Batting: RHB Eric Sullivan 0-0: Ball
1-0: Called Strike
1-1: Called Strike
1-2: Foul Ball, location: 2F
1-2: Ball
2-2: SINGLE (Groundball, 34D, EV 106.9 MPH)
Akira Yamano to third
Runner from 3rd tries for Home, SAFE, throw by RF to home
Pitching: RHP Marvin Rosas
Batting: RHB Kagetoki Kawai 0-0: Ball
Eric Sullivan steals 2nd, throwing error, E2
Eric Sullivan to third
1-0: Called Strike
1-1: Ground out 6-3 (Groundball, 6, EV 98.8 MPH)
Bottom of the 4th over - 4 runs, 5 hits, 1 error, 1 left on base; Rome 4 - Cincinnati (NYP) 5
TOP OF THE 5TH
Rome Braves batting - Pitching for Cincinnati (NYP) Reds : RHP Gil Villanueva
Pitching: RHP Hsi-chuen Huang
Batting: RHB Adonis Jenifer 0-0: Ball
1-0: Foul Ball, location: 2F
1-1: Fly out, F9 (Flyball, 9, EV 87.5 MPH)
Batting: SHB Jordan Barragan 0-0: Called Strike
0-1: Ball
1-1: Ball
2-1: Swinging Strike
2-2: Ball
3-2: TRIPLE (Line Drive, 78XD, EV 106.2 MPH)
Batting: LHB Joe Phillips 0-0: Ball
1-0: SINGLE (Groundball, 4D, EV 101.2 MPH)
Jordan Barragan scores
Batting: LHB Malik Boulay Pickoff Throw to First - Out! 1-3
0-0: Called Strike
0-1: Swinging Strike
0-2: Ground out 6-3 (Groundball, 6, EV 83.8 MPH)
Top of the 5th over - 1 run, 2 hits, 0 errors, 0 left on base; Rome 5 - Cincinnati (NYP) 5
BOTTOM OF THE 5TH
Cincinnati (NYP) Reds batting - Pitching for Rome Braves : RHP Marvin Rosas
Batting: LHB David Moore 0-0: Called Strike
0-1: Ball
1-1: Swinging Strike
1-2: Fly out, F8 (Flyball, 8LM, EV 89.4 MPH)
Batting: RHB Dusty Pollert 0-0: Foul Ball, location: 2F
0-1: Foul Ball, location: 2F
0-2: Ball
1-2: Ball
2-2: Ball
3-2: Foul Ball, location: 2F
3-2: Hit by Pitch
Batting: RHB Ben Hinman 0-0: Ball
1-0: Ball
Dusty Pollert steals 2nd base
2-0: Swinging Strike
2-1: Ball
3-1: Base on Balls
Batting: RHB Pat McCoy 0-0: Swinging Strike
0-1: Ball
1-1: Fly out, F9 (Flyball, 9D, EV 89.4 MPH)
Runner from 2nd tags up, SAFE at 3rd, no throw by RF
Pinch Hitting: SHB Alex Morales 0-0: Called Strike
0-1: Swinging Strike
0-2: Ball
1-2: Ball
2-2: Foul Ball, location: 2F
2-2: Ball
3-2: Strikes out swinging
Bottom of the 5th over - 0 runs, 0 hits, 0 errors, 2 left on base; Rome 5 - Cincinnati (NYP) 5
TOP OF THE 6TH
Rome Braves batting - Pitching for Cincinnati (NYP) Reds : RHP Hsi-chuen Huang
Now at 3B: Jonathan Davis
Batting: LHB Robby Dann 0-0: Ball
1-0: Ground out 1-3 (Groundball, 13S, EV 70.0 MPH)
Batting: LHB Erik Gretzky 0-0: Called Strike
0-1: Ball
1-1: Foul Ball, location: 2F
1-2: Strikes out swinging
Batting: RHB Hisayuki Akiyama 0-0: Ball
1-0: Foul Ball, location: 2F
1-1: Foul Ball, location: 2F
1-2: Fly out, F8 (Flyball, 78D, EV 91.9 MPH)
Top of the 6th over - 0 runs, 0 hits, 0 errors, 0 left on base; Rome 5 - Cincinnati (NYP) 5
BOTTOM OF THE 6TH
Cincinnati (NYP) Reds batting - Pitching for Rome Braves : RHP Marvin Rosas
Batting: SHB Plácido Barrrenho 0-0: Fly out, F7 (Flyball, 7LM, EV 103.1 MPH)
Batting: LHB Akira Yamano 0-0: DOUBLE (Line Drive, 7LS, EV 105.0 MPH)
Batting: RHB Eric Sullivan 0-0: Ball
1-0: Foul Ball, location: 2F
1-1: Ball
2-1: Swinging Strike
2-2: DOUBLE (Line Drive, 89M, EV 111.9 MPH)
Akira Yamano scores
Batting: RHB Kagetoki Kawai 0-0: Called Strike
0-1: Ball
1-1: Foul Ball, location: 2F
1-2: Foul Ball, location: 2F
1-2: Foul Ball, location: 2F
1-2: Ball
2-2: Strikes out swinging
Pitching: RHP Bobby Feig
Batting: LHB David Moore 0-0: Ball
1-0: Foul Ball, location: 2F
1-1: Swinging Strike
1-2: Ball
2-2: Ball
3-2: Ground out 3-1 (Groundball, 34, EV 82.5 MPH)
Bottom of the 6th over - 1 run, 2 hits, 0 errors, 1 left on base; Rome 5 - Cincinnati (NYP) 6
TOP OF THE 7TH
Rome Braves batting - Pitching for Cincinnati (NYP) Reds : RHP Hsi-chuen Huang
Pitching: LHP Davy Thorne
Batting: LHB Jae-ik Soung 0-0: Called Strike
0-1: Foul Ball, location: 2F
0-2: Foul Ball, location: 2F
0-2: Ground out 6-3 (Groundball, 6, EV 84.4 MPH)
Batting: LHB Mike Tenorio 0-0: Foul Ball, location: 2F
0-1: Ball
1-1: Ball
2-1: Swinging Strike
2-2: Ball
3-2: Base on Balls
Pitching: RHP Jeremy Seitz
Pinch Hitting: LHB Javier Rubio 0-0: Ball
1-0: Ball
2-0: Ball
3-0: Called Strike
3-1: Base on Balls
Mike Tenorio to second
Batting: SHB Jordan Barragan 0-0: Called Strike
0-1: Ball
1-1: Ball
2-1: Foul Ball, location: 2F
2-2: Strikes out swinging
Batting: LHB Joe Phillips 0-0: Ball
1-0: Ball
2-0: Called Strike
2-1: DOUBLE (Groundball, 3L, EV 103.8 MPH)
Mike Tenorio scores
Javier Rubio to third
Runner from 3rd tries for Home, SAFE, throw by RF to trailing runner, SAFE at third!
Batting: LHB Malik Boulay 0-0: Ball
1-0: Ball
2-0: Called Strike
2-1: Ball
3-1: Ground out 1-3 (Groundball, 15S, EV 70.0 MPH)
Top of the 7th over - 2 runs, 1 hit, 0 errors, 1 left on base; Rome 7 - Cincinnati (NYP) 6
BOTTOM OF THE 7TH
Cincinnati (NYP) Reds batting - Pitching for Rome Braves : RHP Bobby Feig
Now in LF: Javier Rubio
Batting: RHB Dusty Pollert 0-0: Called Strike
0-1: Ball
1-1: Foul Ball, location: 2F
1-2: Strikes out swinging
Pinch Hitting: SHB Rich Ranaldi 0-0: Ball
1-0: Ball
2-0: SINGLE (Line Drive, 34, EV 102.5 MPH)
Pinch Hitting: LHB Ray Walden 0-0: Fielders Choice at 2nd, 2-4 (Groundball, 2L, EV 67.5 MPH)
Batting: RHB Jonathan Davis 0-0: Fly out, F7 (Flyball, 7S, EV 82.5 MPH)
Bottom of the 7th over - 0 runs, 1 hit, 0 errors, 1 left on base; Rome 7 - Cincinnati (NYP) 6
TOP OF THE 8TH
Rome Braves batting - Pitching for Cincinnati (NYP) Reds : RHP Jeremy Seitz
Pitching: RHP Doug Elliott
Now at 1B: Rich Ranaldi
Now at 2B: Akira Yamano
Now at SS: Pedro Pinero
Batting: LHB Robby Dann 0-0: Ball
1-0: Ball
2-0: Ball
3-0: Base on Balls
Batting: LHB Erik Gretzky 0-0: Ball
Wild Pitch!
Robby Dann to second
1-0: Intentional Walk
Batting: RHB Hisayuki Akiyama 0-0: Ball
1-0: Called Strike
1-1: Ball
2-1: Ball
3-1: Base on Balls
Robby Dann to third
Erik Gretzky to second
Batting: LHB Jae-ik Soung 0-0: Foul Ball, location: 2F
0-1: Ball
1-1: Fly out, F8 (Flyball, 8LXD, EV 102.5 MPH)
Runner from 3rd tags up, SCORES, no throw by CF
Batting: LHB Mike Tenorio 0-0: Ball
Erik Gretzky steals 3rd base
1-0: Called Strike
Hisayuki Akiyama steals 2nd base
1-1: Foul Ball, location: 2F
1-2: Ball
2-2: 3-RUN HOME RUN (Line Drive, 9D, EV 103.1 MPH), Distance : 398 ft
Pitching: LHP John Stull
Batting: LHB Javier Rubio 0-0: DOUBLE (Line Drive, 3D, EV 100.6 MPH)
Batting: SHB Jordan Barragan 0-0: Ball
1-0: Ball
Javier Rubio steals 3rd base
2-0: Swinging Strike
2-1: Foul Ball, location: 2F
2-2: Ball
3-2: Strikes out swinging
Batting: LHB Joe Phillips 0-0: Called Strike
0-1: Ball
1-1: Ball
2-1: Swinging Strike
2-2: Strikes out swinging
Top of the 8th over - 4 runs, 2 hits, 0 errors, 1 left on base; Rome 11 - Cincinnati (NYP) 6
BOTTOM OF THE 8TH
Cincinnati (NYP) Reds batting - Pitching for Rome Braves : RHP Bobby Feig
Batting: SHB Plácido Barrrenho 0-0: Called Strike
0-1: Ball
1-1: Ball
2-1: Ball
3-1: Base on Balls
Batting: LHB Akira Yamano 0-0: Called Strike
0-1: Ball
1-1: SINGLE (Groundball, 34D, EV 102.5 MPH)
Plácido Barrrenho to second
Runner from 2nd tries for 3rd, SAFE, no throw by RF
Batting: RHB Eric Sullivan 0-0: Ball
1-0: Fly out, F3 (Flyball, 3D, EV 94.4 MPH)
Pinch Hitting: LHB Brian Snyder 0-0: Ball
Wild Pitch!
Plácido Barrrenho scores
Akira Yamano to second
1-0: Swinging Strike
1-1: Called Strike
1-2: 2-RUN HOME RUN (Flyball, 78XD, EV 106.9 MPH), Distance : 440 ft
Pitching: RHP Omar Orosco
Batting: LHB David Moore 0-0: Ball
1-0: Ball
2-0: Foul Ball, location: 2F
2-1: Called Strike
2-2: Foul Ball, location: 2F
2-2: Ball
3-2: Foul Ball, location: 2F
3-2: Foul Ball, location: 2F
3-2: Fly out, F6 (Popup, 56, EV 69.4 MPH)
Batting: RHB Dusty Pollert 0-0: Called Strike
0-1: Swinging Strike
0-2: Ball
1-2: Foul Ball, location: 2F
1-2: Ground out 5-3 (Groundball, 5S, EV 86.2 MPH)
Bottom of the 8th over - 3 runs, 2 hits, 0 errors, 0 left on base; Rome 11 - Cincinnati (NYP) 9
TOP OF THE 9TH
Rome Braves batting - Pitching for Cincinnati (NYP) Reds : LHP John Stull
Pitching: RHP Marcus Jackson
Now in CF: Brian Snyder
Batting: LHB Malik Boulay 0-0: Swinging Strike
0-1: Ground out 5-3 (Groundball, 56, EV 85.6 MPH)
Batting: LHB Robby Dann 0-0: Ball
1-0: Foul Ball, location: 2F
1-1: Foul Ball, location: 2F
1-2: Fly out, F8 (Flyball, 8RM, EV 81.9 MPH)
Batting: LHB Erik Gretzky 0-0: Fly out, F9 (Flyball, 89XD, EV 111.2 MPH)
Top of the 9th over - 0 runs, 0 hits, 0 errors, 0 left on base; Rome 11 - Cincinnati (NYP) 9
BOTTOM OF THE 9TH
Cincinnati (NYP) Reds batting - Pitching for Rome Braves : RHP Omar Orosco
Pitching: LHP Shingo Miura
Batting: SHB Rich Ranaldi 0-0: Ball
1-0: Foul Ball, location: 2F
1-1: Ball
2-1: Called Strike
2-2: Strikes out swinging
Batting: RHB Pedro Pinero 0-0: Ball
1-0: Swinging Strike
1-1: Called Strike
1-2: SINGLE (Groundball, 6MD, EV 97.5 MPH)
Batting: RHB Jonathan Davis 0-0: Ball
1-0: SINGLE (Line Drive, 89M, EV 110.0 MPH)
Pedro Pinero to second
Batting: SHB Plácido Barrrenho 0-0: Ball
1-0: Called Strike
1-1: Ball
2-1: Foul Ball, location: 2F
2-2: SINGLE (Line Drive, 78S, EV 93.8 MPH)
Pedro Pinero to third
Jonathan Davis to second
Pinch Hitting: RHB Josh Newby 0-0: Ball
1-0: DOUBLE (Line Drive, 78D, EV 101.2 MPH)
Pedro Pinero scores
Jonathan Davis scores
Plácido Barrrenho to third
Batting: RHB Eric Sullivan 0-0: Intentional Walk
Batting: LHB Brian Snyder 0-0: Called Strike
0-1: SINGLE (Line Drive, 78M, EV 110.6 MPH)
Plácido Barrrenho scores
Bottom of the 9th over - 3 runs, 5 hits, 0 errors, 0 left on base; Rome 11 - Cincinnati (NYP) 12
Game Over ... Cincinnati (NYP) defeats Rome, 12 to 11
Wednesday, June 22nd , 2022 - OOTP Baseball 23.4 Build 64